 Dungeon Crawl Stone Soup version 0.26.1-11-gd32895ea62 (webtiles) character file.

Game seed: 16425813093733046393

369 ubername the Ruffian (level 6, -5/52 HPs)
             Began as a Ghoul Monk on May 8, 2021.
             Slain by a gnoll
             ... wielding a cursed -3 club
              (7 damage)
             ... on level 4 of the Dungeon.
             The game lasted 00:07:44 (4486 turns).

ubername the Ruffian (Ghoul Monk)                   Turns: 4486, Time: 00:07:45

Health: -5/52      AC:  4    Str: 17    XL:     6   Next: 70%
Magic:  7/7        EV: 12    Int:  5    God:
Gold:   157        SH:  0    Dex: 11    Spells: 8/8 levels left

rFire    . . .     SeeInvis .     - Unarmed
rCold    + . .     Faith    .   (no shield)
rNeg     + + +     Spirit   .   h - +0 leather armour
rPois    ∞         Reflect  .   (no helmet)
rElec    .         Harm     .   k - +0 cloak
rCorr    .         Rampage  .   (no gloves)
Will     .....                  (no boots)
Stlth    +.........             (no amulet)
HPRegen  0.00/turn              b - ring of flight
MPRegen  0.10/turn              (no ring)

@: glowing
A: claws 1, cold resistance 1, negative energy resistance 3, inhibited
regeneration, torment resistance, unbreathing
a: Evoke Flight


You were on level 4 of the Dungeon.
You visited 1 branch of the dungeon, and saw 4 of its levels.

You collected 157 gold pieces.

Inventory:

Missiles
 g - 13 stones (quivered)
 m - 21 sling bullets
Armour
 a - a +0 robe
 h - a +0 leather armour (worn)
 k - a +0 cloak (worn)
Jewellery
 b - a ring of flight (left claw)
Scrolls
 d - a scroll of teleportation {unknown}
Potions
 c - 2 potions of berserk rage {unknown}


   Skills:
 + Level 3.9 Fighting
 + Level 1.5 Armour
 + Level 3.3 Dodging
 + Level 3.3 Stealth
 + Level 4.6 Unarmed Combat
 * Level 1.5 Spellcasting
 * Level 1.4 Conjurations
 * Level 1.4 Summonings
 * Level 1.2 Necromancy
 * Level 0.1 Invocations


You had 8 spell levels left.
You didn't know any spells.
Your spell library was empty.

Dungeon Overview and Level Annotations

Branches:
Dungeon (4/15)
 Temple: D:4-7

Altars:
Cheibriados
Gozag
Sif Muna

Annotations:
D:4 1 transporter, rake2005's ghost, amateur GrEE


Innate Abilities, Weirdness & Mutations

You thrive by killing the living.
You are immune to poison.
You have sharp fingernails.
Your flesh is cold resistant. (rC+)
You are immune to negative energy. (rN+++)
You do not regenerate when monsters are visible.
You are immune to unholy pain and torment.
You can survive without breathing.


Message History

The gnoll closely misses you.
Your Necromancy skill increases to level 1!
There are monsters nearby!
The gnoll hits you from afar with a +1 halberd of venom!
A gnoll comes into view.
It is wielding a +0 whip and carrying a wand of acid (10).
The gnoll shouts!
The gnoll hits you from afar with a +1 halberd of venom.
The gnoll hits you from afar with a +1 halberd of venom!
* * * LOW HITPOINT WARNING * * *
The gnoll hits the plant but does no damage.
You claw the plant!
The plant begins to die.
The plant is lightly damaged.
The gnoll hits you but does no damage.
The gnoll hits the plant with a cursed -3 club.
Things that are here:
a +0 club; a +0 robe; a gnoll corpse The gnoll hits you with a +1 halberd of venom!
* * * LOW HITPOINT WARNING * * *
The gnoll hits you with a cursed -3 club!
You die...

..............B.B....#
≈≈≈≈≈≈...≈≈≈≈≈≈≈≈≈≈≈..
≈≈≈≈≈≈...≈≈≈≈≈≈≈≈≈≈≈..
#####...........#####≈≈..
#.8.#.###.©.###.#$8.#≈≈..
...###.#####.###...#≈≈..
............g..### ≈..
######g######.#
.##.#P⌠P#P@8#W.$#
.#..+....)g⌠#:.$+.
.##.#P⌠P#P.8#=.$#.#
######+######.#
.............. #
...###©#####.###.
#.8.#.###.©. # ### #
...... ≈≈ ≈≈≈≈≈≈≈


You could see 2 gnolls.

Vanquished Creatures
  A gnoll shaman (D:4)
  An orc priest (D:3)
  5 orc wizards
  5 adders
  5 gnolls
  An ooze (D:1)
  A worm (D:2)
  2 dart slugs
  A leopard gecko (D:2)
  5 orcs (D:3)
  3 giant cockroaches
  7 goblins
  8 hobgoblins
  5 jackals (D:1)
  6 kobolds
  5 bats
  3 frilled lizards
  7 rats
71 creatures vanquished.

Notes
Turn   | Place    | Note
-------+----------+-------------------------------------------
     0 | D:1      | ubername the Ghoul Monk began the quest for the Orb.
     0 | D:1      | Reached XP level 1. HP: 19/19 MP: 0/0
     6 | D:1      | Noticed a black bear
     6 | D:1      | Noticed a komodo dragon
     7 | D:1      | Noticed a four-headed hydra
     7 | D:1      | Noticed a salamander
   239 | D:1      | Reached XP level 2. HP: 3/26 MP: 1/1
   956 | D:1      | Reached XP level 3. HP: 25/31 MP: 2/2
  1220 | D:1      | Reached skill level 4 in Unarmed Combat
  1635 | D:1      | Reached XP level 4. HP: 13/40 MP: 3/3
  2312 | D:2      | Reached skill level 1 in Armour
  2450 | D:2      | Reached XP level 5. HP: 46/46 MP: 4/4
  2883 | D:3      | Found a snail-covered altar of Cheibriados.
  3138 | D:2      | Reached skill level 1 in Spellcasting
  3349 | D:3      | Found a shimmering blue altar of Sif Muna.
  3385 | D:3      | Reached skill level 1 in Summonings
  3551 | D:3      | Reached skill level 1 in Conjurations
  3551 | D:3      | Reached XP level 6. HP: 26/52 MP: 4/6
  4313 | D:3      | Found an opulent altar of Gozag.
  4415 | D:4      | Found a transporter.
  4457 | D:4      | Noticed rake2005's ghost (amateur GrEE)
  4473 | D:4      | Found a transporter.
  4481 | D:4      | Reached skill level 1 in Necromancy
  4486 | D:4      | HP: 2/52 [gnoll/+1 halberd of venom (12)]
  4486 | D:4      | Slain by a gnoll

Illustrated notes

Levels and vault maps discovered:
D:1:      onia_arrival_zoo_common, layout_basic
D:2:      layout_loops_ring
D:3:      layout_loops_ring, lemuel_round_altar,
          nicolae_gozag_cash_rules_everything_around_me, led_sif_book
D:4:      layout_loops_ring, kiku_gazebo_pond_becter,
          gammafunk_temple_overflow_claw, gammafunk_ghost_gnarly_gnolls,
          minmay_tree_intersection, ebering_dispersal_statue_hall

Skill      XL: |  1  2  3  4  5  6 |
---------------+-------------------+-----
Dodging        | 3 |  3.3
Unarmed Combat | 4 |  4.6
Armour         | 1 |  1.5
Spellcasting   | 1 |  1.5
Stealth        | 3 |  3.3
Summonings     | 1 |  1.4
Conjurations   | 1 |  1.4
Necromancy     | 1 |  1.2
Fighting       | |  3.9
Invocations    | |  0.1

Action                   |  1- 3 |  4- 6 || total
-------------------------+-------+-------++-------
Melee: Unarmed           |    95 |   166 ||   261
       Punch             |     3 |     4 ||     7
Throw: Stone             |       |     4 ||     4
 Abil: Evoke Flight      |       |     1 ||     1
  Use: Scroll            |       |     6 ||     6
       Potion            |       |     5 ||     5
 Stab: Sleeping          |     2 |     3 ||     5
Armor: Robe              |    13 |       ||    13
       Leather armour    |     3 |    40 ||    43
Dodge: Dodged            |    64 |    82 ||   146
